 Dungeon Crawl Stone Soup version 0.32-a0-35-gd9ff480968 (webtiles) character file.

Game seed: 9089347281629114279

64 CowFu the Slasher (level 3, -5/31 HPs)
             Began as a Minotaur Fighter on Jan 23, 2024.
             Slain by Ijyb
             ... wielding a +3 vampiric dagger
              (6 damage)
             ... on level 2 of the Dungeon.
             The game lasted 00:01:14 (1527 turns).

CowFu the Slasher (Minotaur Fighter)                Turns: 1527, Time: 00:01:15

Health: -5/31      AC:  6    Str: 20    XL:     3   Next: 91%
Magic:  2/2        EV:  9    Int:  5    God:
Gold:   150        SH:  4    Dex: 11    Spells: 2/2 levels left

rFire   . . .        a - +0 long sword
rCold   . . .        c - +0 buckler
rNeg    . . .        b - +0 scale mail
rPois   .            (helmet restricted)
rElec   .            (no cloak)
rCorr   .            (no gloves)
SInv    .            (no boots)
Will    .....        (no amulet) Stlth
                     (no ring)
HPRegen 0.25/turn    (no ring)
MPRegen 0.08/turn

%: no passive effects
@: no status effects
A: horns 2, retaliatory headbutt
a: no special abilities


You were on level 2 of the Dungeon.
You visited 1 branch of the dungeon, and saw 3 of its levels.

You collected 150 gold pieces.

Inventory:

Hand Weapons
 a - a +0 long sword (weapon)
Armour
 b - a +0 scale mail (worn)
 c - a +0 buckler (worn)
Jewellery
 f - an amulet of magic regeneration
Scrolls
 e - a scroll of immolation {unknown}
 g - a scroll of teleportation {unknown}
 h - a scroll of vulnerability {unknown}
 k - a scroll of noise {unknown}
 l - a scroll of blinking {unknown}
Potions
 d - a potion of might
 i - 2 potions of curing {unknown}
 j - 2 potions of brilliance {unknown}
 m - a potion of mutation {unknown}


   Skills:
 - Level 3.6 Fighting
 + Level 5.2 Long Blades
 - Level 3.6 Armour
 - Level 3.6 Shields


You had 2 spell levels left.
You didn't know any spells.
Your spell library contained the following spells:

 Spells                   Type           Power      Damage    Failure   Level
 Kiss of Death            Conj/Necr      0%         2d5       88%         1
 Sting                    Conj/Alch      0%         1d3       88%         1
 Mercury Vapours          Alch/Air       0%         N/A       95%         2
 Confusing Touch          Hex            0%         N/A       99%         3
 Hailstorm                Conj/Ice       0%         3d5       99%         3
 Stone Arrow              Conj/Erth      0%         3d7       99%         3
 Summon Ice Beast         Ice/Summ       0%         N/A       99%         3
 Dispel Undead            Necr           0%         3d6       100%        4
 Olgreb's Toxic Radiance  Alch           0%         N/A       100%        4
 Sculpt Simulacrum        Ice/Alch       0%         N/A       100%        6
 Lehudib's Crystal Spear  Conj/Erth      0%         10d2      100%        8
 Shatter                  Erth           0%         3d5*      100%        9


Dungeon Overview and Level Annotations

Branches:
Dungeon (3/15)

Altars:

Annotations:
D:2 Ijyb


Innate Abilities, Weirdness & Mutations

You have a pair of horns on your head.
You reflexively headbutt those who attack you in melee.


Message History

You miss the adder.
The adder is heavily wounded.
The adder closely misses you. You furiously retaliate!
You headbutt the adder.
Ijyb hits you with a +3 vampiric dagger.
You barely miss the adder.
The adder is almost dead.
You block the adder's attack.
Ijyb hits you with a +3 vampiric dagger.
The adder barely misses you. You furiously retaliate!
You headbutt the adder.
You kill the adder!
You slash Ijyb! You headbutt Ijyb!
Ijyb is almost dead.
Ijyb barely misses you.
You closely miss Ijyb.
Ijyb is almost dead.
Ijyb closely misses you.
Ijyb hits you with a +3 vampiric dagger.
* * * LOW HITPOINT WARNING * * *
You closely miss Ijyb.
Ijyb is almost dead.
Ijyb hits you but does no damage.
You closely miss Ijyb. You headbutt Ijyb, but do no damage.
Ijyb is almost dead.
Ijyb hits you with a +3 vampiric dagger.
* * * LOW HITPOINT WARNING * * *
Ijyb draws strength from your wounds!
You closely miss Ijyb. Your headbutt misses Ijyb.
Ijyb is severely wounded.
Ijyb hits you with a +3 vampiric dagger.
* * * LOW HITPOINT WARNING * * *
You closely miss Ijyb.
Ijyb is severely wounded.
Ijyb hits you with a +3 vampiric dagger.
* * * LOW HITPOINT WARNING * * *
You block Ijyb's attack.
Okay, then.
You hit Ijyb but do no damage. Your headbutt misses Ijyb.
Ijyb is severely wounded.
Ijyb hits you with a +3 vampiric dagger.
You die...

.# #.#.....########.# #.#
.#####.#..#.## #.# #.#
........<...# #.# #.#
#####.##.#.##########.# #.#
#.##...........##.# #.#
#†####.#######.##.###.# #.#
#.# #...)....#
#####.####.##########^#####
................@g....#
#####.####.############
...........# ....>>######
#######


You could see Ijyb.

Vanquished Creatures
  2 adders (D:2)
  A dart slug (D:1)
  A ribbon worm (D:2)
  6 ball pythons
  4 endoplasms
  6 goblins
  5 hobgoblins
  7 bats
  2 frilled lizards (D:1)
  5 kobolds
  A rat (D:2)
40 creatures vanquished.

Notes
Turn   | Place    | Note
-------+----------+-------------------------------------------
     0 | D:1      | CowFu the Minotaur Fighter began the quest for the Orb.
     0 | D:1      | Reached XP level 1. HP: 19/19 MP: 0/0
    74 | D:1      | Reached skill level 3 in Long Blades
   205 | D:1      | Reached XP level 2. HP: 26/26 MP: 1/1
   322 | D:1      | Reached skill level 4 in Long Blades
   434 | D:1      | Reached XP level 3. HP: 31/31 MP: 2/2
   634 | D:1      | Got the Lectures on the Mantle
  1505 | D:3      | Noticed Ijyb
  1514 | D:3      | Reached skill level 5 in Long Blades
  1526 | D:2      | HP: 1/31 [Ijyb/+3 vampiric dagger (1)]
  1527 | D:2      | Slain by Ijyb

Illustrated notes

Levels and vault maps discovered:
D:1:      minmay_arrival_up_and_down, layout_loops_corners
D:2:      layout_loops_ring
D:3:      layout_rooms, chequers_temple_overflow_minitemple,
          nzn_wu_jian_council_hall, uniq_ijyb, uniq_sigmund

Skill      XL: |  1  2  3 |
---------------+----------+-----
Long Blades    | 3 4 5 |  5.2
Fighting       | |  3.6
Armour         | |  3.6
Shields        | |  3.6

Action                     || total
---------------------------++-------
  Melee: Long sword        ||    94
         Headbutt          ||    10
 Armour: Scale mail        ||    70
  Dodge: Dodged            ||    39
  Block: Buckler           ||    27

Table legend: (Time is in decaauts)
 A = Elapsed time spent in this place.
 B = Non-inter-level travel time spent in this place.
 C = Inter-level travel time spent in this place.
 D = Time resting spent in this place.
 E = Time spent auto-exploring this place.
 F = Levels seen in this place.
 G = Mean time per level.
                   A        B        C        D        E       F      G
               +--------+--------+--------+--------+--------+-----+--------+
         Total |   1548 |   1517 |     31 |      0 |   1281 |   3 |  516.0 |
       Dungeon |   1548 |   1517 |     31 |      0 |   1281 |   3 |  516.0 |
               +--------+--------+--------+--------+--------+-----+--------+

Top non-repeatable levels by time:
     D:1: 878 daAuts
     D:2: 659 daAuts
     D:3: 10 daAuts
